[Event "ICC tourney 2045 (75 10)"]
[Site "Internet Chess Club"]
[Date "2020.10.11"]
[Round "5"]
[White "lucachesschess"]
[Black "Davide25"]
[Result "1-0"]
[ICCResult "Black checkmated"]
[WhiteElo "1254"]
[BlackElo "1139"]
[Opening "Queen's Indian: Capablanca variation"]
[ECO "E16"]
[NIC "QI.06"]
[Time "10:50:55"]
[TimeControl "4500+10"]

1. d4 Nf6 2. c4 e6 3. Nf3 b6 4. g3 Bb7 5. Bg2 Bb4+ 6. Nc3 O-O 7. O-O Bxc3 8.
bxc3 c5 9. d5 exd5 10. Nh4 Re8 11. cxd5 d6 12. c4 Nbd7 13. Bb2 Ne5 14. Bxe5
Rxe5 15. Qc2 Qd7 16. e4 a6 17. f4 Ree8 18. Rad1 b5 19. Rfe1 bxc4 20. Qxc4
Qb5 21. Qc2 c4 22. Nf5 Qc5+ 23. Kh1 Rac8 24. Qc3 a5 25. g4 g6 26. Nh6+ Kf8
27. Qxf6 c3 28. Qxf7# {Black checkmated} 1-0

[Event "ICC tourney 2045 (75 10)"]
[Site "Internet Chess Club"]
[Date "2020.10.11"]
[Round "5"]
[White "VinaySridhar"]
[Black "JMConklin"]
[Result "0-1"]
[ICCResult "White resigns"]
[WhiteElo "1064"]
[BlackElo "898"]
[Opening "QGD: 3.Nc3"]
[ECO "D31"]
[NIC "QP.08"]
[Time "10:41:47"]
[TimeControl "4500+10"]

1. d4 d5 2. c4 e6 3. Nc3 Bb4 4. a3 Bxc3+ 5. bxc3 Ne7 6. Nf3 O-O 7. Bf4 Nbc6
8. e3 Ng6 9. Bg3 Re8 10. Bd3 e5 11. Bxg6 hxg6 12. Bxe5 Bg4 13. Bf4 dxc4 14.
h3 Bf5 15. Nd2 Bd3 16. Qa4 Qd5 17. Nf3 Re7 18. Rg1 Rae8 19. Ne5 Nxe5 20.
Bxe5 f6 21. Bf4 Qe4 22. Ra2 Qxf4 23. Rd2 Rxe3+ 24. Kd1 Qh2 {White resigns}
0-1

[Event "ICC tourney 2045 (75 10)"]
[Site "Internet Chess Club"]
[Date "2020.10.11"]
[Round "5"]
[White "RahulPeesa"]
[Black "MYMChessWyatt"]
[Result "1-0"]
[ICCResult "Black checkmated"]
[WhiteElo "1173"]
[BlackElo "1194"]
[Opening "King's Indian: London system"]
[ECO "A48"]
[NIC "QP.03"]
[Time "10:41:47"]
[TimeControl "4500+10"]

1. d4 Nf6 2. Nf3 g6 3. Bf4 Bg7 4. Nc3 d5 5. e3 O-O 6. Be2 a6 7. Qd2 Nc6 8.
a3 Bf5 9. O-O Re8 10. Na4 Ne4 11. Qd1 f6 12. Nd2 e5 13. dxe5 fxe5 14. Bg3 h5
15. Nxe4 dxe4 16. Qxd8 Raxd8 17. Bh4 Rd2 18. Bc4+ Kh8 19. Bb3 Bh6 20. Bf6+
Kh7 21. Rad1 Rxd1 22. Rxd1 Bg4 23. Rd2 Nd4 24. Bd5 Rf8 25. Bh4 g5 26. Bxe4+
Kg7 27. Bg3 Ne2+ 28. Kf1 Nxg3+ 29. hxg3 h4 30. gxh4 gxh4 31. Kg1 h3 32. gxh3
Bxh3 33. Kh2 Bg4 34. Kg3 Bc8 35. Nc5 Rg8 36. Bxb7 Kf6+ 37. Kh2 Bf5 38. Nd7+
Bxd7 39. Rxd7 Rh8 40. Kg3 Rg8+ 41. Kf3 Rf8 42. Ke2 Rf7 43. Rxf7+ Kxf7 44.
Bd5+ Ke7 45. b4 Bf8 46. Bb7 Kd6 47. Bxa6 Kc6 48. c4 Kb6 49. Bb5 c6 50. Ba4
Bg7 51. c5+ Kb7 52. f4 exf4 53. exf4 Bb2 54. b5 cxb5 55. Bxb5 Bxa3 56. c6+
Kc7 57. Ke3 Bd6 58. Ke4 Kb6 59. Ba4 Ka5 60. Bb3 Kb5 61. Bd5 Kb6 62. f5 Kc7
63. f6 Kd8 64. Kf5 Ke8 65. Be6 Kf8 66. Bd7 Kf7 67. Kg5 Be5 68. Kf5 Bd6 69.
Be6+ Kf8 70. Ke4 Ke8 71. Kd5 Bc7 72. Kc5 Kf8 73. Kb5 Ke8 74. Ka6 Kd8 75. Kb7
Bd6 76. f7 Ke7 77. c7 Bxc7 78. Kxc7 Kf8 79. Kd7 Kg7 80. Ke8 Kf6 81. f8=Q+
Kxe6 82. Qf7+ Kd6 83. Qe7+ Kc6 84. Qd7+ Kc5 85. Ke7 Kb6 86. Kd6 Ka5 87. Qc6
Kb4 88. Qc5+ Kb3 89. Kd5 Kb2 90. Qc4 Ka3 91. Qb5 Ka2 92. Kc4 Ka1 93. Kc3 Ka2
94. Qb2# {Black checkmated} 1-0

[Event "ICC tourney 2045 (75 10)"]
[Site "Internet Chess Club"]
[Date "2020.10.11"]
[Round "5"]
[White "BishoptoC4"]
[Black "AJRChess2011"]
[Result "0-1"]
[ICCResult "White resigns"]
[WhiteElo "122"]
[BlackElo "1289"]
[Opening "Sicilian: closed, 2...Nc6"]
[ECO "B23"]
[NIC "SI.44"]
[Time "11:25:18"]
[TimeControl "4500+10"]

1. e4 c5 2. Nc3 Nc6 3. Bb5 e6 4. Bxc6 bxc6 5. Nge2 Bd6 6. d4 Ne7 7. Be3 cxd4
8. Qxd4 Qc7 9. Qxg7 Be5 10. Bf4 Bxg7 11. Bxc7 d5 12. exd5 cxd5 13. O-O-O Bb7
14. f4 Rc8 15. Nb5 Ba6 16. Nd6+ Kd7 17. Nxc8 Rxc8 18. Be5 Bxe5 19. fxe5 Bxe2
20. Rd2 Ba6 21. b3 Nc6 22. Re1 Nb4 23. Kb2 Ke7 24. Re3 d4 25. Rh3 Nc6 26.
Rxh7 d3 27. c4 Nxe5 28. Kc3 Bb7 29. Rh5 Kd6 30. g4 Bf3 31. h3 Be2 32. Rh7
Nf3 33. Rb2 Ke7 34. b4 d2 35. Rxd2 Rxc4+ {White resigns} 0-1

[Event "ICC tourney 2045 (75 10)"]
[Site "Internet Chess Club"]
[Date "2020.10.11"]
[Round "5"]
[White "SreeVSundaram"]
[Black "minecraftchess"]
[Result "1-0"]
[ICCResult "Black checkmated"]
[WhiteElo "800"]
[BlackElo "892"]
[Opening "QGA: 3.e4"]
[ECO "D20"]
[NIC "QG.04"]
[Time "10:41:47"]
[TimeControl "4500+10"]

1. d4 d5 2. c4 dxc4 3. e4 b6 4. Bxc4 c5 5. d5 e5 6. Nf3 Nf6 7. Nc3 Bg4 8.
O-O Bxf3 9. Qxf3 Bd6 10. Be3 O-O 11. Rfd1 a6 12. a4 Nbd7 13. Qe2 Qe7 14. Ra3
Rfb8 15. Rb3 Rb7 16. Bxa6 Rbb8 17. Bb5 Ra5 18. f3 Rba8 19. Bc6 Rd8 20. Rb5
Rxb5 21. Qxb5 h6 22. Ra1 Bc7 23. g4 g5 24. Kf2 Nf8 25. Ke2 Ng6 26. h3 h5 27.
Bxg5 hxg4 28. hxg4 Nf4+ 29. Bxf4 exf4 30. Kd3 Kg7 31. Kc4 Rh8 32. b4 cxb4
33. Qxb4 Rh2 34. Qxe7 Bb8 35. Rf1 Rc2 36. Qb7 Be5 37. Kb5 Rxc3 38. Kxb6 Rb3+
39. Bb5 Bd4+ 40. Kc7 Be5+ 41. Kd8 Rc3 42. a5 Ra3 43. a6 Bd4 44. e5 Bxe5 45.
a7 Nxd5 46. Qxd5 Rxa7 47. Qxe5+ f6 48. Qxf4 Ra8+ 49. Ke7 Ra7+ 50. Bd7 Ra6
51. Rh1 Ra5 52. Qh6+ Kg8 53. Qh8# {Black checkmated} 1-0

[Event "ICC tourney 2045 (75 10)"]
[Site "Internet Chess Club"]
[Date "2020.10.11"]
[Round "5"]
[White "johnzabraham"]
[Black "ABecker755"]
[Result "1-0"]
[ICCResult "Black checkmated"]
[WhiteElo "980"]
[BlackElo "1258"]
[Opening "Bogo-Indian defense, Grünfeld variation"]
[ECO "E11"]
[NIC "QI.01"]
[Time "10:58:12"]
[TimeControl "4500+10"]

1. d4 Nf6 2. c4 e6 3. Nf3 Bb4+ 4. Nbd2 c5 5. a3 Bxd2+ 6. Bxd2 cxd4 7. Nxd4
Nc6 8. Nf3 O-O 9. e3 Ne4 10. Bd3 Nxd2 11. Qxd2 Qa5 12. b4 Qc7 13. O-O Ne5
14. Nxe5 Qxe5 15. Qc2 h6 16. Rae1 b6 17. f4 Qc7 18. Rf3 Bb7 19. Rg3 a5 20.
Qb2 f6 21. Qe2 d5 22. Rc1 d4 23. exd4 Qxf4 24. Qxe6+ Kh8 25. Rf1 Qxd4+ 26.
Kh1 Rae8 27. Qf5 Be4 28. Bxe4 Qxe4 29. Qb5 Qe2 30. Rg1 Re3 31. Rxe3 Qxe3 32.
bxa5 bxa5 33. Qxa5 Rc8 34. Qa6 Qc5 35. Rc1 Rc7 36. Qa8+ Kh7 37. Qe4+ f5 38.
Qf3 Qb5 39. Qf1 Qc5 40. Rc3 Ra7 41. Qc1 Re7 42. Rf3 Qa5 43. Rf1 Re2 44. Qb1
Qa8 45. Qxf5+ Kh8 46. Qg6 Qxa3 47. Rd1 Qa5 48. Qb1 Rd2 49. Rxd2 Qxd2 50. Qf1
Qd4 51. Qc1 Qf2 52. c5 Qf7 53. c6 Qc7 54. Qc5 Qf7 55. c7 Qf1+ 56. Qg1 Qf7
57. c8=Q+ Kh7 58. Qb1+ g6 59. Qbb7 Kg7 60. Qc3+ Kg8 61. Qbc8+ Kh7 62. Q8h8#
{Black checkmated}
1-0

[Event "ICC tourney 2045 (75 10)"]
[Site "Internet Chess Club"]
[Date "2020.10.11"]
[Round "6"]
[White "JCJ2018"]
[Black "boxingguy2469x"]
[Result "1-0"]
[ICCResult "Black resigns"]
[WhiteElo "1056"]
[BlackElo "1122"]
[Opening "Ruy Lopez: exchange variation"]
[ECO "C68"]
[NIC "RL.08"]
[Time "14:48:40"]
[TimeControl "4500+10"]

1. e4 e5 2. Nf3 Nc6 3. Bb5 a6 4. Bxc6 dxc6 5. d3 Bc5 6. Nxe5 Qd4 7. Be3 Qxe5
8. d4 Qxe4 9. dxc5 Qxg2 10. Rf1 Qxh2 11. Qe2 Bh3 12. Bf4+ {Black resigns}
1-0

[Event "ICC tourney 2045 (75 10)"]
[Site "Internet Chess Club"]
[Date "2020.10.11"]
[Round "6"]
[White "Artush04"]
[Black "FiveTimesNo"]
[Result "0-1"]
[ICCResult "White resigns"]
[WhiteElo "803"]
[BlackElo "1127"]
[Opening "Sicilian: dragon variation"]
[ECO "B70"]
[NIC "SI.15"]
[Time "14:48:35"]
[TimeControl "4500+10"]

1. e4 c5 2. Nf3 d6 3. d4 cxd4 4. Nxd4 Nf6 5. Nc3 g6 6. Bd3 Bg7 7. Be3 O-O 8.
O-O Bd7 9. Bf4 e5 10. Bxe5 dxe5 11. Nf3 Nc6 12. Bb5 Bg4 13. Qxd8 Rfxd8 14.
Nxe5 Nxe5 15. f3 Be6 16. Rfd1 a6 17. Ba4 Nc4 18. Rab1 Rxd1+ 19. Rxd1 Nxb2
{White resigns}
0-1

[Event "ICC tourney 2045 (75 10)"]
[Site "Internet Chess Club"]
[Date "2020.10.11"]
[Round "6"]
[White "LucasW2014"]
[Black "HemingLiu"]
[Result "0-1"]
[ICCResult "White checkmated"]
[WhiteElo "1089"]
[BlackElo "776"]
[Opening "Two knights defense"]
[ECO "C55"]
[NIC "IG.01"]
[Time "14:48:37"]
[TimeControl "4500+10"]

1. e4 e5 2. Nf3 Nc6 3. Bc4 Nf6 4. O-O Bc5 5. Nc3 Nxe4 6. Nxe4 d5 7. Nxc5
dxc4 8. Re1 O-O 9. d3 cxd3 10. Nxd3 Re8 11. Bd2 e4 12. Qe2 Bf5 13. Qd1 exd3
14. Rxe8+ Qxe8 15. cxd3 Bxd3 16. Rc1 h6 17. Qe1 a6 18. h3 Be4 19. Qe3 Bxf3
20. Qxf3 Qe6 21. Bc3 Qxa2 22. Qg3 f6 23. Bxf6 Qf7 24. Bc3 Kh7 25. Qd3+ Qg6
26. Qxg6+ Kxg6 27. Rd1 Re8 28. Rd7 Re7 29. Rxe7 Nxe7 30. Kh2 Nd5 31. Bd4 b5
32. Kg3 h5 33. Kf3 a5 34. Ke4 c6 35. Ke5 Kf7 36. Kd6 Nb4 37. Bb6 a4 38. Bc5
Nd3 39. Ba3 b4 40. Bxb4 Nxb4 41. Kc5 Nd3+ 42. Kc4 Nxb2+ 43. Kb4 Ke6 44. Ka3
Nd3 45. f3 Nf4 46. g3 Nxh3 47. Kxa4 g5 48. Kb3 h4 49. gxh4 gxh4 50. Kc2 Kf5
51. Kd2 Nf4 52. Ke3 h3 53. Kf2 h2 54. Kg3 h1=Q 55. Kf2 Qd1 56. Kg3 Qg1+ 57.
Kh4 Ne2 58. Kh5 Qh2# {White checkmated} 0-1

[Event "ICC tourney 2045 (75 10)"]
[Site "Internet Chess Club"]
[Date "2020.10.11"]
[Round "6"]
[White "Alberttheshow"]
[Black "dynamic-lucy"]
[Result "0-1"]
[ICCResult "White checkmated"]
[WhiteElo "546"]
[BlackElo "988"]
[Opening "Giuoco Piano"]
[ECO "C54"]
[NIC "IG.02"]
[Time "14:48:58"]
[TimeControl "4500+10"]

1. e4 e5 2. Nf3 Nc6 3. Bc4 Bc5 4. c3 Nf6 5. d4 exd4 6. cxd4 Bb4+ 7. Bd2
Bxd2+ 8. Nbxd2 d6 9. O-O Bg4 10. h3 Bh5 11. Re1 O-O 12. Nb3 Re8 13. e5 dxe5
14. dxe5 Qxd1 15. Raxd1 Bxf3 16. gxf3 Nxe5 17. Bd5 Nxd5 18. Rxd5 Nxf3+ 19.
Kg2 Nxe1+ 20. Kf1 Nf3 21. Rd7 Rac8 22. Nc5 Ne5 23. Rd1 b6 24. Nb3 Rcd8 25.
Re1 Nf3 26. Rc1 c5 27. Na1 Re7 28. Nc2 Red7 29. Ne3 Ng5 30. h4 Nf3 31. Ke2
Nxh4 32. Ke1 Re7 33. Kf1 Red7 34. Ke1 g6 35. Ke2 Rd2+ 36. Kf1 Rxb2 37. a4
Rbd2 38. f4 Nf5 39. Ng2 Rd1+ 40. Rxd1 Rxd1+ 41. Ke2 Ra1 42. Kf3 Rxa4 43. Ne1
b5 44. Nd3 c4 45. Nb2 Ra2 46. Nd1 b4 47. Ne3 Nxe3 48. Kxe3 c3 49. Kd3 c2 50.
Kd2 b3 51. Kc1 Ra1+ 52. Kb2 Rb1+ 53. Kc3 c1=Q+ 54. Kd3 Qd1+ 55. Kc3 Rc1+ 56.
Kb2 Qc2+ 57. Ka3 Qc4 58. f5 Ra1+ 59. Kb2 Qc1+ 60. Kxb3 Rb1+ 61. Ka2 Qb2#
{White checkmated}
0-1

[Event "ICC tourney 2045 (75 10)"]
[Site "Internet Chess Club"]
[Date "2020.10.11"]
[Round "6"]
[White "april2012"]
[Black "oliver-kc"]
[Result "1-0"]
[ICCResult "Black checkmated"]
[WhiteElo "1193"]
[BlackElo "761"]
[Opening "Queen's pawn: London system"]
[ECO "A45"]
[NIC "QP.07"]
[Time "14:49:00"]
[TimeControl "4500+10"]

1. d4 Nf6 2. Bf4 d5 3. e3 e6 4. c3 Be7 5. Bd3 O-O 6. Nf3 c5 7. Nbd2 c4 8.
Bc2 Nc6 9. Qe2 Bd6 10. Bg3 b6 11. O-O-O Ba6 12. Ne5 Rc8 13. h4 Re8 14. f4
Kf8 15. Bf2 Ke7 16. g4 h6 17. g5 hxg5 18. fxg5 Nd7 19. Nxd7 Kxd7 20. e4 Kc7
21. exd5 exd5 22. Qf3 Qd7 23. Rhf1 Qe6 24. Bf5 Qe7 25. Bxc8 Rxc8 26. Qxd5
Kb8 27. Nxc4 Bxc4 28. Qxc4 Bf4+ 29. Kb1 Ne5 30. Qe2 Nc6 31. Qxe7 Nxe7 32.
Rfe1 Re8 33. Be3 Bxe3 34. Rxe3 Kc7 35. Rde1 Kd7 36. Rf1 Rf8 37. Ref3 Ke6 38.
h5 Ng8 39. g6 Nh6 40. gxf7 Rxf7 41. Rxf7 Nxf7 42. Rg1 Kf6 43. Rg6+ Ke7 44.
Rxg7 Kf8 45. Rg4 Nh6 46. Rf4+ Ke7 47. d5 Kd6 48. c4 b5 49. Rf6+ Kd7 50. Rxh6
bxc4 51. Rh7+ Kd6 52. h6 c3 53. bxc3 Kxd5 54. Rd7+ Ke6 55. Rxa7 Kf6 56. h7
Kg6 57. h8=Q Kf5 58. Qh4 Kg6 59. Ra5 Kg7 60. Ra6 Kg8 61. Ra7 Kf8 62. Qh8#
{Black checkmated}
1-0

[Event "ICC tourney 2045 (75 10)"]
[Site "Internet Chess Club"]
[Date "2020.10.11"]
[Round "6"]
[White "AJRChess2011"]
[Black "zbashar"]
[Result "0-1"]
[ICCResult "White checkmated"]
[WhiteElo "1267"]
[BlackElo "1174"]
[Opening "Sicilian: dragon, Yugoslav attack, 7...O-O"]
[ECO "B76"]
[NIC "SI.17"]
[Time "14:48:57"]
[TimeControl "4500+10"]

1. e4 c5 2. Nf3 d6 3. d4 cxd4 4. Nxd4 Nf6 5. Nc3 g6 6. f3 Bg7 7. Be3 O-O 8.
Qd2 a6 9. Bh6 e5 10. Nde2 Nxe4 11. Nxe4 Qh4+ 12. g3 Qxh6 13. Qxh6 Bxh6 14.
Nxd6 Nc6 15. f4 Bg4 16. Bg2 Nb4 17. Be4 exf4 18. h3 Bxe2 19. Kxe2 f5 20.
Bxb7 Rad8 21. Rad1 fxg3 22. c3 Nc2 23. Bd5+ Kg7 24. Bc6 Ne3 25. Rd3 Bf4 26.
Nb7 Rxd3 27. Kxd3 g2 28. Rg1 Bh2 29. Rxg2 Nxg2 30. Bxg2 f4 31. Bf3 Re8 32.
Bg2 Re3+ 33. Kd2 f3 34. Bf1 Bf4 35. Kd1 f2 36. Kc2 Re1 37. Bxa6 f1=Q 38.
Bxf1 Rxf1 39. Kb3 g5 40. c4 h5 41. c5 g4 42. hxg4 hxg4 43. c6 g3 44. Nd8 g2
45. Ne6+ Kf6 46. c7 Bxc7 47. Nxc7 g1=Q 48. a4 Qg3+ 49. Kb4 Qxc7 50. a5 Rf4+
51. Kb5 Qb7+ 52. Kc5 Qb4+ 53. Kc6 Qxa5 54. b4 Rxb4 55. Kd6 Rb6+ 56. Kd7 Qa7+
57. Kd8 Rb8# {White checkmated} 0-1

[Event "ICC tourney 2045 (75 10)"]
[Site "Internet Chess Club"]
[Date "2020.10.11"]
[Round "6"]
[White "MGrei"]
[Black "Gnanathan"]
[Result "1-0"]
[ICCResult "Black resigns"]
[WhiteElo "1212"]
[BlackElo "1144"]
[Opening "Sicilian: dragon, Yugoslav attack, 10.O-O-O"]
[ECO "B78"]
[NIC "SI.18"]
[Time "14:49:27"]
[TimeControl "4500+10"]

1. e4 c5 2. Nf3 d6 3. d4 cxd4 4. Nxd4 Nf6 5. Nc3 g6 6. Be3 Bg7 7. f3 O-O 8.
Qd2 Nc6 9. Bc4 Bd7 10. O-O-O Qa5 11. Nb3 Qc7 12. h4 Ne5 13. Be2 Rfc8 14. g4
Nc4 15. Bxc4 Qxc4 16. Qd3 Qxd3 17. Rxd3 Bb5 18. Nxb5 a6 19. Nc3 b5 20. Bd4
Rab8 21. Rh2 a5 22. Nxa5 b4 23. Nd5 Nxd5 24. Bxg7 Nf4 25. Re3 Kxg7 26. Kb1
Ne6 27. h5 Nd4 28. hxg6 hxg6 29. f4 Rh8 30. Rxh8 Rxh8 31. b3 Rh1+ 32. Kb2
Rh2 33. Rd3 Nxc2 34. Kc1 Ne1 35. Rd2 Rh1 36. Rd1 Nd3+ 37. Kd2 Rxd1+ 38. Kxd1
Nf2+ 39. Ke2 Nxe4 40. Nc6 Nc3+ 41. Kd3 Nxa2 42. Nxe7 Nc1+ 43. Kc4 Ne2 44.
Nd5 Ng3 45. Nxb4 Ne2 46. Nd3 Ng3 47. Kd5 Kf6 48. Kxd6 Ne2 49. b4 Nc3 50. Kc5
Na4+ 51. Kc4 Ke6 52. Nc5+ Nxc5 53. Kxc5 Kd7 54. Kb5 Kc7 55. Kc5 f6 56. Kd5
g5 57. fxg5 fxg5 58. Ke5 Kb6 59. Kf5 Kb5 60. Kxg5 Kxb4 61. Kf6 Kc5 62. g5
Kd6 63. g6 Kd7 64. g7 Ke8 {Black resigns} 1-0

[Event "ICC tourney 2045 (75 10)"]
[Site "Internet Chess Club"]
[Date "2020.10.11"]
[Round "6"]
[White "mohitmukkollu"]
[Black "JMConklin"]
[Result "1-0"]
[ICCResult "Black checkmated"]
[WhiteElo "1222"]
[BlackElo "832"]
[Opening "Sicilian: Alapin's variation (2.c3)"]
[ECO "B22"]
[NIC "SI.46"]
[Time "14:48:38"]
[TimeControl "4500+10"]

1. e4 c5 2. c3 d5 3. exd5 Qxd5 4. Nf3 Nc6 5. d4 Bg4 6. Be2 Nf6 7. O-O e6 8.
Na3 Bd6 9. Nb5 O-O 10. c4 Bxh2+ 11. Nxh2 Bxe2 12. Qxe2 Qd7 13. Bg5 Ne8 14.
dxc5 a6 15. Rad1 Qc8 16. Nd6 Nxd6 17. cxd6 f6 18. d7 Qc7 19. Qxe6+ Kh8 20.
Bh4 Rad8 21. Bg3 Qa5 22. Rfe1 Qc5 23. Bd6 Nd4 24. Bxc5 Nxe6 25. Bxf8 Nxf8
26. Re8 Rxe8 27. dxe8=Q Kg8 28. Rd8 h6 29. Qxf8+ Kh7 30. Qg8+ Kg6 31. Nf3 b5
32. Nh4+ Kh5 33. Qxg7 Kxh4 34. Rd4+ Kh5 35. Qg4# {Black checkmated} 1-0

[Event "ICC tourney 2045 (75 10)"]
[Site "Internet Chess Club"]
[Date "2020.10.11"]
[Round "6"]
[White "LOCHAR"]
[Black "Maximusiv"]
[Result "1-0"]
[ICCResult "Black resigns"]
[WhiteElo "106"]
[BlackElo "1026"]
[Opening "English opening"]
[ECO "A20"]
[NIC "EO.14"]
[Time "14:48:37"]
[TimeControl "4500+10"]

1. c4 e5 2. g3 Nf6 3. Bg2 g6 4. Nc3 Bg7 5. d3 O-O 6. Nf3 Re8 7. e4 c5 8. Be3
b6 9. h3 Nc6 10. Qd2 Nd4 11. O-O Bb7 12. Bg5 Qc7 13. Rac1 a6 14. Rfe1 h6 15.
Bxh6 Bxh6 16. Qxh6 b5 17. Nxd4 cxd4 18. Nd5 Bxd5 19. cxd5 Qa5 20. a3 Qd2 21.
Qxd2 {Black resigns} 1-0

[Event "ICC tourney 2045 (75 10)"]
[Site "Internet Chess Club"]
[Date "2020.10.11"]
[Round "6"]
[White "nb12"]
[Black "RatislavK"]
[Result "0-1"]
[ICCResult "White resigns"]
[WhiteElo "1170"]
[BlackElo "1163"]
[Opening "Sicilian: Pelikan (Lasker/Sveshnikov) variation"]
[ECO "B33"]
[NIC "SI.35"]
[Time "14:48:39"]
[TimeControl "4500+10"]

1. e4 c5 2. Nf3 Nc6 3. d4 cxd4 4. Nxd4 Nf6 5. Nc3 e5 6. Nxc6 bxc6 7. Bc4 Bb4
8. Bg5 Qa5 9. Bd2 d5 10. exd5 cxd5 11. Nxd5 Nxd5 12. Bxd5 Qxd5 13. Bxb4 Qe4+
14. Kf1 Qxb4 15. Qf3 Ba6+ 16. Kg1 O-O 17. b3 Rad8 18. c3 Qc5 19. h4 Rd3 20.
Qe4 Qxc3 21. Re1 Bb7 22. Qxe5 Qxe5 23. Rxe5 Rd1+ 24. Kh2 Rxh1+ 25. Kxh1 f6
26. Re7 Rb8 27. Kh2 a5 28. g4 Bd5 29. Ra7 Rb5 30. Kg3 h6 31. h5 f5 32. gxf5
Be4 33. Kf4 Bxf5 34. Ke3 Bb1 35. a4 Rxh5 36. Kd4 Rg5 37. f4 Rf5 38. Ke3 Kh7
39. Re7 h5 40. Rb7 h4 41. Kf3 h3 42. Kg3 Rh5 43. Kh2 Bf5 44. Rb5 Bg4 45.
Rxh5+ Bxh5 46. Kxh3 Bd1 47. Kg3 Bxb3 48. Kf3 Bxa4 49. Ke4 Be8 50. Kd5 a4 51.
Kc4 Kg6 {White resigns} 0-1

[Event "ICC tourney 2045 (75 10)"]
[Site "Internet Chess Club"]
[Date "2020.10.11"]
[Round "6"]
[White "BishoptoC4"]
[Black "temporarydanger"]
[Result "1-0"]
[ICCResult "Black checkmated"]
[WhiteElo "189"]
[BlackElo "1141"]
[Opening "Scotch opening"]
[ECO "C44"]
[NIC "KP.10"]
[Time "14:48:39"]
[TimeControl "4500+10"]

1. e4 e5 2. Nf3 Nc6 3. d4 Nf6 4. dxe5 Nxe4 5. Bc4 Bc5 6. Bxf7+ Kf8 7. Be3
Qe7 8. Bd5 Nxf2 9. Bxf2 Nxe5 10. O-O Bxf2+ 11. Rxf2 c6 12. Nxe5+ Ke8 13.
Qh5+ g6 14. Nxg6 Qe1+ 15. Rf1 Qe3+ 16. Kh1 cxd5 17. Nxh8+ Kd8 18. Nc3 Qd4
19. Rf8+ Ke7 20. Re8+ Kf6 21. Rf1+ Kg7 22. Rf7# {Black checkmated} 1-0

[Event "ICC tourney 2045 (75 10)"]
[Site "Internet Chess Club"]
[Date "2020.10.11"]
[Round "6"]
[White "RahulPeesa"]
[Black "lucachesschess"]
[Result "0-1"]
[ICCResult "White checkmated"]
[WhiteElo "1125"]
[BlackElo "1251"]
[Opening "King's Indian: London system"]
[ECO "A48"]
[NIC "QP.03"]
[Time "14:48:54"]
[TimeControl "4500+10"]

1. d4 Nf6 2. Nf3 g6 3. Bf4 Bg7 4. Nc3 d5 5. e3 Bf5 6. Be2 O-O 7. O-O c6 8.
h3 Nbd7 9. Bd3 Ne4 10. Nh4 Nxc3 11. bxc3 Bxd3 12. cxd3 e5 13. dxe5 Qxh4 14.
d4 Qe7 15. Re1 Rac8 16. a4 f6 17. e4 fxe5 18. Bxe5 Nxe5 19. dxe5 Bxe5 20.
exd5 Qf6 21. Qb3 Qxf2+ 22. Kh1 Qg3 23. dxc6+ Kh8 24. Rxe5 Qxe5 25. Rd1 Rxc6
26. Qxb7 Rxc3 27. Qxa7 Qe3 28. Qb7 Rc1 29. Qb2+ Rc3 30. Qb4 Qc5 31. Qb7 Qc6
32. Qb2 Kg8 33. Qa2+ Qc4 34. Qd2 Rf1+ 35. Kh2 Qc7+ 36. Qd6 Rxd1 37. Qxc7
Rxc7 38. a5 Ra7 39. a6 Rxa6 40. Kg3 Rd2 41. Kh2 Raa2 42. Kg3 Rxg2+ 43. Kh4
Ra4# {White checkmated} 0-1

[Event "ICC tourney 2045 (75 10)"]
[Site "Internet Chess Club"]
[Date "2020.10.11"]
[Round "6"]
[White "BArkadia"]
[Black "DaveGriffin"]
[Result "0-1"]
[ICCResult "White checkmated"]
[WhiteElo "1164"]
[BlackElo "828"]
[Opening "French: advance variation"]
[ECO "C02"]
[NIC "FR.03"]
[Time "14:48:34"]
[TimeControl "4500+10"]

1. e4 e6 2. d4 d5 3. e5 c5 4. c3 Qb6 5. Nf3 Nc6 6. Be2 cxd4 7. cxd4 Bb4+ 8.
Bd2 Bd7 9. O-O Nxd4 10. Nxd4 Qxd4 11. Be3 Qh4 12. a3 Bf8 13. Nc3 a6 14. g3
Qd8 15. Qb3 Bc6 16. Rfd1 Qc7 17. f4 Ne7 18. Bb6 Qd7 19. Na4 Bxa4 20. Qb4
Bxd1 21. Bxd1 Nc6 22. Qd2 Be7 23. Bc2 O-O 24. Qd3 g6 25. h4 Rfc8 26. h5 Bf8
27. hxg6 hxg6 28. Kg2 Be7 29. Rh1 Kg7 30. g4 Rh8 31. f5 Nxe5 32. Bd4 Bf6 33.
Bxe5 Bxe5 34. fxg6 f6 35. Rh7+ Rxh7 36. gxh7 Qf7 37. Qh3 Kh8 38. Qh6 Qg7 39.
Qh5 Rc8 40. Bg6 Bxb2 41. g5 fxg5 42. Qxg5 Bxa3 43. Kf3 Rc3+ 44. Ke2 Be7 45.
Qh5 b5 46. Be8 b4 47. Kd2 Qd4+ 48. Ke2 Qe3+ 49. Kf1 Qf3+ 50. Kg1 Qxh5 51.
Bxh5 Kxh7 52. Bg6+ Kxg6 53. Kf2 Kf5 54. Ke2 Ke4 55. Kd2 Bg5+ 56. Kd1 Kd3 57.
Ke1 Rc2 58. Kd1 Rc1# {White checkmated} 0-1

[Event "ICC tourney 2045 (75 10)"]
[Site "Internet Chess Club"]
[Date "2020.10.11"]
[Round "6"]
[White "sganesh2004"]
[Black "andrewj508"]
[Result "1-0"]
[ICCResult "Black checkmated"]
[WhiteElo "1050"]
[BlackElo "1101"]
[Opening "English: three knights system"]
[ECO "A27"]
[NIC "EO.21"]
[Time "14:48:34"]
[TimeControl "4500+10"]

1. c4 e5 2. Nc3 Nc6 3. Nf3 d6 4. e3 Nf6 5. d4 Bg4 6. Be2 Be7 7. O-O O-O 8.
d5 Nb8 9. h3 Bh5 10. e4 Nbd7 11. Nd2 Bg6 12. Bd3 Nc5 13. Bc2 Bh5 14. g4 Bg6
15. f3 Qd7 16. a3 a5 17. Nb3 Nxb3 18. Bxb3 h5 19. Rf2 Nh7 20. Rh2 Bg5 21.
Qe1 f6 22. Bxg5 fxg5 23. Qg3 h4 24. Qf2 Qf7 25. Rf1 Qf4 26. Nd1 Rf7 27. Ne3
Nf8 28. c5 Nd7 29. cxd6 cxd6 30. Ba2 Nc5 31. Qd2 Qg3+ 32. Rg2 Qxh3 33. Nf5
Bxf5 34. gxf5 g4 35. Rxg4 Nd7 36. Qe3 Nf6 37. Rg6 Nh5 38. Rg2 Ng3 39. Rc1
Nh5 40. Bb3 Nf4 41. Rg4 Rff8 42. Bd1 Rac8 43. Rxc8 Rxc8 44. f6 g6 45. b4 a4
46. Qb6 Rf8 47. Qxb7 Rxf6 48. Qc8+ Kf7 49. Qd7+ Kg8 50. Qe8+ Kg7 51. Qe7+
Rf7 52. Qxd6 Rf6 53. Qc7+ Rf7 54. Qxe5+ Rf6 55. d6 Nh5 56. Qxh5 Rxd6 57.
Qe5+ Rf6 58. Qe7+ Rf7 59. Qxh4 Qxh4 60. Rxh4 Rd7 61. Bxa4 Rd3 62. Bc6 Rxa3
63. e5 Ra6 64. b5 Ra7 65. e6 Kf6 66. Bd7 Rb7 67. Rf4+ Ke5 68. Re4+ Kd6 69.
e7 Rxd7 70. e8=Q Ra7 71. Qe5+ Kd7 72. Rd4+ Kc8 73. Qc5+ Kb8 74. Qxa7+ Kxa7
75. Rd6 Kb7 76. Rxg6 Ka7 77. Re6 Kb7 78. f4 Ka7 79. f5 Kb7 80. f6 Ka7 81. f7
Kb7 82. f8=Q Ka7 83. Ra6+ Kb7 84. Qe7+ Kb8 85. Rb6+ Kc8 86. Rc6+ Kb8 87.
Qd8+ Ka7 88. Rc7+ Kb6 89. Qd6+ Kxb5 90. Rc5+ Kb4 91. Qd4+ Kb3 92. Rc3+ Kb2
93. Qd2+ Ka1 94. Qa2+ Kxa2 95. Rf3 Kb2 96. Kf2 Kc2 97. Ke3 Kc3 98. Rf4 Kc2
99. Rd4 Kc3 100. Ke4 Kc2 101. Rd3 Kc1 102. Ke3 Kc2 103. Ke2 Kb2 104. Kd2 Ka2
105. Kc2 Ka1 106. Ra3# {Black checkmated} 1-0

[Event "ICC tourney 2045 (75 10)"]
[Site "Internet Chess Club"]
[Date "2020.10.11"]
[Round "6"]
[White "MYMChessWyatt"]
[Black "Captcha"]
[Result "1-0"]
[ICCResult "Black resigns"]
[WhiteElo "1228"]
[BlackElo "849"]
[Opening "Petrov: Cozio (Lasker) attack"]
[ECO "C42"]
[NIC "RG.03"]
[Time "14:48:49"]
[TimeControl "4500+10"]

1. e4 e5 2. Nf3 Nf6 3. Nxe5 d6 4. Nf3 Nxe4 5. Qe2 Qe7 6. d3 Nf6 7. Qxe7+
Bxe7 8. Be2 O-O 9. O-O c6 10. c3 d5 11. d4 Bd6 12. Ne5 Bxe5 13. dxe5 Nfd7
14. f4 f6 15. e6 Nc5 16. f5 Re8 17. b4 Ne4 18. Bh5 Re7 19. Bf7+ Kf8 20. Rf3
Nd6 21. Bh5 b6 22. g4 Bb7 23. Bf4 Ne4 24. Bf7 h6 25. Rh3 Ng5 26. Bxg5 fxg5
27. Nd2 Nd7 28. Bg6 Nf6 29. Rg3 Rd8 30. Nf3 Ne4 31. Rg2 Nxc3 32. Ne5 Ne4 33.
Nd7+ Kg8 34. Bf7+ Kh8 35. Ne5 Rc7 36. Ng6+ Kh7 37. e7 Rxe7 38. Nxe7 Rd7 39.
Bg6+ Kh8 40. Nxc6 Bxc6 41. Rc1 Bb7 42. Rgc2 Rd8 43. Rc7 Nd6 44. Re1 d4 45.
Rd1 Bf3 46. Rxd4 Bxg4 47. Rxg4 {Black resigns} 1-0